 Dungeon Crawl Stone Soup version 0.31.0-1-g2c135a0 (webtiles) character file.

Game seed: 204945286280926592

71 jagoly the Trooper (level 4, -1/29 HPs)
             Began as a Gargoyle Monk on Feb 1, 2024.
             Slain by a troll (2 damage)
             ... on level 5 of the Dungeon.
             The game lasted 00:03:31 (434 turns).

jagoly the Trooper (Gargoyle Monk)                   Turns: 434, Time: 00:03:32

Health: -1/29      AC: 14    Str: 17    XL:     4   Next: 24%
Magic:  4/4        EV:  5    Int: 10    God:
Gold:   39         SH:  0    Dex: 12    Spells: 3/3 levels left

rFire   . . .        a - +0 broad axe
rCold   . . .        d - orb {light}
rNeg    + . .        i - +0 plate armour
rPois   ∞            (no helmet)
rElec   +            (no cloak)
rCorr   .            (no gloves)
SInv    .            (no boots)
Will    .....        (no amulet) Stlth
                     (no ring)
HPRegen 0.24/turn    (no ring)
MPRegen 0.09/turn

%: no passive effects
@: glowing
A: sickness immunity, AC +3, negative energy resistance 1, electricity
resistance, torment resistance 1, petrification resistance
a: no special abilities


You were on level 5 of the Dungeon.
You visited 1 branch of the dungeon, and saw 5 of its levels.

You collected 39 gold pieces.

Inventory:

Hand Weapons
 a - a +0 broad axe (weapon)
Missiles
 e - 5 stones (quivered)
 g - 2 atropa-tipped darts
Armour
 b - a +0 robe
 d - an orb of light (worn)
 i - a +0 plate armour (worn)
Jewellery
 k - a +6 ring of intelligence
Scrolls
 h - a scroll of vulnerability {unknown}
 j - a scroll of amnesia {unknown}
 l - a scroll of poison {unknown}
 n - a scroll of brand weapon {unknown}
Potions
 c - a potion of ambrosia
 f - 2 potions of curing {unknown}
 m - a potion of attraction {unknown}


   Skills:
 + Level 3.8 Fighting
 * Level 3.5 Axes
 + Level 1.6 Armour
 + Level 2.8 Dodging


You had 3 spell levels left.
You didn't know any spells.
Your spell library was empty.

Dungeon Overview and Level Annotations

Branches:
Dungeon (5/15) Zot: 26988
 Temple: D:4-7

Altars:


Innate Abilities, Weirdness & Mutations

You are immune to sickness and miasma.
Your stone body is resilient. (AC +3)
You are immune to poison.
You resist negative energy. (rN+)
You are resistant to electric shocks. (rElec)
You are resistant to unholy torment.
You are immune to petrification.


Message History

Welcome, jagoly the Gargoyle Monk.
A smirking vizier told you that the Orb of Zot is just within this dungeon.
Press ? for a list of commands and other information.
Found a falchion.
Found a staircase leading out of the dungeon.
You open the door.
There is an open door here.
You open the door.
There is an open door here.
You open the door.
There is an open door here.
You open the door.
There is an open door here.
A ball python comes into view.
You open the door. The ball python completely misses you.
The ball python closely misses you.
You hit the ball python.
The ball python is severely wounded.
The ball python completely misses you. The ball python grabs you.
The ball python constricts you.
You hit the ball python.
The ball python is severely wounded.
The ball python barely misses you. The ball python constricts you.
The ball python barely misses you. The ball python constricts you.
You barely miss the ball python.
The ball python is severely wounded.
The ball python bites you. The ball python constricts you.
You hit the ball python.
You kill the ball python!
No target in view!
A kobold comes into view. It is wielding a +0 short sword.
The kobold shouts!
The kobold throws a stone.
The stone closely misses you.
Found 15 gold pieces.
Found a viscous red potion.
The kobold throws a stone.
The stone barely misses you.
The kobold throws a stone.
The stone misses you.
You closely miss the kobold. The kobold misses you.
You hit the kobold.
You kill the kobold!
Things that are here:
a +0 short sword; 4 stones; a kobold corpse
Things that are here:
a +0 short sword; 4 stones; a kobold corpse
e - 4 stones A kobold comes into view. It is wielding a +0 club.
Found 5 gold pieces.
The kobold shouts!
The kobold throws a stone.
The stone hits you but does no damage.
The kobold throws a stone.
The stone closely misses you.
The kobold throws a stone.
The stone hits you but does no damage.
You see here 15 gold pieces.
You now have 15 gold pieces.
Found 2 atropa-tipped darts.
The kobold throws a stone.
The stone closely misses you.
Found a stone staircase leading down.
The kobold hits you with a +0 club.
You closely miss the kobold.
The kobold hits you but does no damage. x2
You hit the kobold.
The kobold is heavily wounded.
The kobold completely misses you.
You barely miss the kobold.
The kobold is heavily wounded.
The kobold hits you with a +0 club.
You hit the kobold.
The kobold is severely wounded.
The kobold barely misses you.
You hit the kobold but do no damage.
The kobold is severely wounded.
The kobold hits you with a +0 club.
You hit the kobold.
You kill the kobold!
e - 7 stones (gained 3);
f - a viscous red potion
Things that are here:
a +0 club; a kobold corpse You now have 20 gold pieces (gained 5).
You see here 2 atropa-tipped darts.
g - 2 atropa-tipped darts
Found 6 gold pieces.
There is a stone staircase leading down here.
You now have 26 gold pieces (gained 6).
There is a stone staircase leading down here.
There is a stone staircase leading down here.
You climb downwards.
There is a stone staircase leading up here.
Found a scroll labelled ULOISTIUDY.
h - a scroll labelled ULOISTIUDY A bat comes into view.
Found a dagger.
The bat hits you but does no damage.
A bat is nearby!
The bat barely misses you. The bat barely misses you.
You hit the bat.
The bat is severely wounded.
The bat closely misses you. The bat hits you but does no damage.
The bat barely misses you.
No target in view!
The bat attacks as it pursues you! The bat hits you but does no damage. x2
The bat misses you.
You see here a +0 dagger.
You hit the bat.
You kill the bat!
Found a plate armour.
You see here a +0 plate armour.
You start removing your armour.
You continue taking off your +0 robe. x4
You finish taking off your +0 robe.
You start putting on your armour.
You continue putting on your +0 plate armour. x5
You finish putting on your +0 plate armour.
Found a broad axe.
Found a stone staircase leading down.
You see here a +0 broad axe.
Okay, then.
Adjust (i)tems, (s)pells, or (a)bilities?
Okay, then.
You are now empty-handed.
You drop a +0 hand axe.
a - a +0 broad axe (weapon)
Found a scroll labelled GIUKHUMOAC.
There is a stone staircase leading down here.
j - a scroll labelled GIUKHUMOAC
There is a stone staircase leading down here.
You climb downwards.
There is a stone staircase leading up here.
Found a stone staircase leading up.
There is a stone staircase leading up here.
You climb upwards.
The orc shouts! x2; You hear a shout!
There is a stone staircase leading down here.
You hit the orc.
The orc is moderately wounded.
The orc hits you but does no damage. x2
You barely miss the orc.
The orc is moderately wounded.
The orc hits you with a +0 dagger.
An orc comes into view. It is wielding a +0 whip.
You slash the orc!
You kill the orc!
You hit the orc.
The orc is heavily wounded.
The orc hits you but does no damage. x2
You hit the orc but do no damage.
The orc is heavily wounded.
The orc hits you but does no damage.
You hit the orc but do no damage.
The orc is heavily wounded.
The orc hits you but does no damage. x2
You hit the orc but do no damage.
The orc is heavily wounded.
The orc hits you but does no damage.
You slash the orc!
You kill the orc!
The orc hits you but does no damage.
You have reached level 2!
You barely miss the orc. The orc completely misses you.
You slash the orc!
You kill the orc!
You slash the orc!
You kill the orc!
Your Axes skill increases to level 3!
You climb downwards.
There is a stone staircase leading up here.
HP restored.
An orc comes into view. It is wielding a +0 hand axe.
An orc is nearby!
Found an escape hatch in the ceiling.
The orc shouts!
You hear a shout!
An orc comes into view. It is wielding a +0 war axe.
The orc shouts!
You slash the orc!
You kill the orc!
An orc priest comes into view. It is wielding a +0 short sword.
Unknown command.
You barely miss the orc. The orc hits you but does no damage.
You slash the orc!
You kill the orc!
The orc priest hits you but does no damage.
You slash the orc priest!
The orc priest is severely wounded.
The orc priest hits you with a +0 short sword.
An orc comes into view. It is wielding a +0 falchion.
You completely miss the orc priest.
The orc priest is severely wounded.
The orc shouts!
You hear an angry hiss.
The orc priest hits you but does no damage.
You hit the orc priest but do no damage.
The orc priest is severely wounded.
The orc priest mumbles some strange prayers to Beogh against you.
Pain shoots through your body!
The orc priest hits you with a +0 short sword.
* * * LOW HITPOINT WARNING * * *
The orc hits you with a +0 falchion.
* * * LOW HITPOINT WARNING * * *
You are too injured to fight recklessly!
Cleave: a) +0 broad axe
Press: ? - help, Dir - move target, f - orc priest
Aim: an orc priest, wielding a +0 short sword (severely wounded, haloed, about 26% to evade your +0 broad axe)
You hit the orc priest.
The orc priest is almost dead.
You hit the orc.
The orc priest hits you with a +0 short sword.
* * * LOW HITPOINT WARNING * * *
The orc hits you but does no damage.
Cleave: a) +0 broad axe
Press: ? - help, Dir - move target, f/p - orc priest
Aim: an orc priest, wielding a +0 short sword (almost dead, haloed, about 26% to evade your +0 broad axe)
You slash the orc priest!
You kill the orc priest!
You barely miss the orc.
An adder comes into view.
The orc barely misses you. The orc hits you but does no damage.
Your Armour skill increases to level 1!
You have reached level 3!
Your experience leads to an increase in your attributes!
Increase (S)trength, (I)ntelligence, or (D)exterity?
You feel stronger. x2
Cleave: a) +0 broad axe
Press: ? - help, Dir - move target, f - orc
Aim: an orc, wielding a +0 falchion and wearing a +0 robe (heavily wounded, haloed, about 26% to evade your +0 broad axe)
The adder hisses angrily.
You hit the orc but do no damage.
The orc is heavily wounded.
The orc hits you but does no damage.
Cleave: a) +0 broad axe
Press: ? - help, Dir - move target, f/p - orc
Aim: an orc, wielding a +0 falchion and wearing a +0 robe (heavily wounded, haloed, about 26% to evade your +0 broad axe)
You slash the orc!
You kill the orc!
The adder barely misses you.
Cleave: a) +0 broad axe
Press: ? - help, Dir - move target, f - adder
Aim: an adder (haloed, about 48% to evade your +0 broad axe)
You closely miss the adder.
The adder bites you but does no damage. x2
Cleave: a) +0 broad axe
Press: ? - help, Dir - move target, f/p - adder
Aim: an adder (haloed, about 48% to evade your +0 broad axe)
You barely miss the adder. The adder bites you but does no damage.
The adder completely misses you.
Cleave: a) +0 broad axe
Press: ? - help, Dir - move target, f/p - adder
Aim: an adder (haloed, about 48% to evade your +0 broad axe)
You barely miss the adder. The adder barely misses you.
The adder bites you but does no damage.
Cleave: a) +0 broad axe
Press: ? - help, Dir - move target, f/p - adder
Aim: an adder (haloed, about 48% to evade your +0 broad axe)
You barely miss the adder. The adder barely misses you. x2
Cleave: a) +0 broad axe
Press: ? - help, Dir - move target, f/p - adder
Aim: an adder (haloed, about 48% to evade your +0 broad axe)
You closely miss the adder. The adder bites you.
* * * LOW HITPOINT WARNING * * *
Cleave: a) +0 broad axe
Press: ? - help, Dir - move target, f/p - adder
Aim: an adder (haloed, about 48% to evade your +0 broad axe)
You barely miss the adder.
The adder bites you but does no damage. x2
Cleave: a) +0 broad axe
Press: ? - help, Dir - move target, f/p - adder
Aim: an adder (haloed, about 48% to evade your +0 broad axe)
You closely miss the adder.
The adder bites you but does no damage. x2
Cleave: a) +0 broad axe
Press: ? - help, Dir - move target, f/p - adder
Aim: an adder (haloed, about 48% to evade your +0 broad axe)
You barely miss the adder. The adder bites you but does no damage.
The adder completely misses you.
Cleave: a) +0 broad axe
Press: ? - help, Dir - move target, f/p - adder
Aim: an adder (haloed, about 48% to evade your +0 broad axe)
You barely miss the adder.
The adder bites you but does no damage. x2
Cleave: a) +0 broad axe
Press: ? - help, Dir - move target, f/p - adder
Aim: an adder (haloed, about 48% to evade your +0 broad axe)
You closely miss the adder.
The adder bites you but does no damage. x2
Cleave: a) +0 broad axe
Press: ? - help, Dir - move target, f/p - adder
Aim: an adder (haloed, about 48% to evade your +0 broad axe)
You closely miss the adder. The adder bites you but does no damage.
The adder barely misses you.
Cleave: a) +0 broad axe
Press: ? - help, Dir - move target, f/p - adder
Aim: an adder (haloed, about 48% to evade your +0 broad axe)
You slash the adder!
You kill the adder!
Unknown command.
Things that are here:
a +0 falchion; a +0 robe; an adder corpse
There is a stone staircase leading up here.
Things that are here:
a +0 falchion; a +0 robe; an adder corpse
Items here: )) ††.
Things that are here:
a +0 hand axe; an orc corpse
Found 13 gold pieces.
Found a viscous red potion.
A ribbon worm comes into view.
The ribbon worm expels a string of sticky webbing.
The stream of webbing hits you but does no damage.
You are caught in a web!
There is a web here.
A ribbon worm is nearby!
The web tears apart.
The ribbon worm expels a string of sticky webbing.
The stream of webbing hits you but does no damage.
You are caught in a web!
There is a web here.
You see here a viscous red potion.
f - 2 viscous red potions (gained 1)
The web tears apart.
You hit the ribbon worm but do no damage.
The ribbon worm closely misses you.
The ribbon worm expels a string of sticky webbing.
The stream of webbing hits you but does no damage.
You are caught in a web!
The web tears apart.
You slash the ribbon worm!
The ribbon worm is severely wounded.
The ribbon worm bites you but does no damage.
The ribbon worm barely misses you.
You slash the ribbon worm!
You kill the ribbon worm!
You have reached level 4!
You feel stronger.
You now have 39 gold pieces (gained 13).
A hobgoblin comes into view.
The hobgoblin shouts!
A hobgoblin is nearby!
Found a ruby ring.
The hobgoblin hits you but does no damage.
You slash the hobgoblin!
You kill the hobgoblin!
No target in view!
A ball python comes into view.
The ball python hisses angrily.
You see here a +6 ring of intelligence.
k - a +6 ring of intelligence The ball python bites you but does no damage.
The ball python grabs you. The ball python constricts you.
You barely miss the ball python.
The ball python bites you but does no damage.
The ball python constricts you.
You slash the ball python!
You kill the ball python!
No target in view!
Found a scroll labelled HETAEC WAURPH.
l - a scroll labelled HETAEC WAURPH
Found a yellow potion and a scroll labelled ZIRYIMNIMUI.
m - a yellow potion
n - a scroll labelled ZIRYIMNIMUI An orc comes into view.
It is wielding a +0 whip.
The orc shouts!
You hit the orc but do no damage. The orc hits you but does no damage.
You hit the orc.
The orc is lightly wounded.
The orc completely misses you. The orc barely misses you.
You slash the orc!
You kill the orc!
No target in view!
Things that are here:
a +0 whip; a +0 leather armour
Found an escape hatch in the floor.
There is an escape hatch in the floor here.
There is an escape hatch in the floor here.
You slide downwards.
The hatch slams shut behind you.
Found a stone staircase leading down.
You slash the giant cockroach!
You kill the giant cockroach!
No target in view!
Found a robe.
There is a stone staircase leading down here.
You climb downwards.
The troll shouts!
The white imp shouts!
Found 9 stones.
Found a stone staircase leading down.
There is a stone staircase leading up here.
The white imp gestures at you.
The puff of frost hits you but does no damage.
Throw: 7 stones
Press: ? - help, Q - select action, (/) - cycle Shift-Dir - straight line, f - white imp
Aim: a white imp (haloed, 75% to hit)
You throw a stone. The stone hits the white imp.
The white imp is lightly wounded.
Throw: 6 stones
Press: ? - help, Q - select action, (/) - cycle Shift-Dir - straight line, f/p - white imp
Aim: a white imp (lightly wounded, haloed, 75% to hit)
You throw a stone.
The stone hits the white imp but does no damage.
The white imp is lightly wounded.
You hit the white imp.
The white imp is moderately wounded.
The white imp hits you but does no damage.
You hit the white imp.
The white imp is heavily wounded.
The white imp hits you. The white imp freezes you.
The white imp gestures at you. The puff of frost hits you.
You slash the white imp!
You kill the white imp!
You hit the troll. The troll barely misses you. The troll claws you.
The troll claws you!
* * * LOW HITPOINT WARNING * * *
You barely miss the troll.
The troll is lightly wounded.
The troll bites you but does no damage. The troll claws you!
* * * LOW HITPOINT WARNING * * *
The troll completely misses you.
You barely miss the troll. The troll bites you but does no damage.
The troll claws you but does no damage. The troll claws you.
* * * LOW HITPOINT WARNING * * *
The troll bites you.
You die...

###.###
#.....
#.>..
#...# .
##...###..
#.........
#T........
#.@.......
#......(..
#.........
##########


You could see a troll.

Vanquished Creatures
  An orc priest (D:3)
  An adder (D:3)
  A white imp (D:5)
  A ribbon worm (D:3)
  8 orcs
  A giant cockroach (D:4)
  A hobgoblin (D:3)
  2 ball pythons
  A bat (D:2)
  2 kobolds (D:1)
19 creatures vanquished.

Notes
Turn   | Place    | Note
-------+----------+-------------------------------------------
     0 | D:1      | jagoly the Gargoyle Monk began the quest for the Orb.
     0 | D:1      | Reached XP level 1. HP: 14/14 MP: 1/1
   222 | D:2      | Reached XP level 2. HP: 17/19 MP: 2/2
   248 | D:3      | Reached skill level 1 in Armour
   248 | D:3      | Reached XP level 3. HP: 5/24 MP: 3/3
   287 | D:3      | Reached XP level 4. HP: 18/29 MP: 4/4
   426 | D:5      | Entered Level 5 of the Dungeon
   426 | D:5      | Noticed a troll
   434 | D:5      | HP: 1/29 [troll (2)]
   434 | D:5      | Slain by a troll

Illustrated notes

Levels and vault maps discovered:
D:1:      dpeg_arrival_short_road, layout_basic, minmay_liquid_box,
          minmay_quantized
D:2:      layout_loops_ring, minmay_domino_2, uniq_robin, uniq_natasha
D:3:      layout_loops_ring
D:4:      nicolae_cairo_tiling, layout_basic
D:5:      layout_gridville, serial_shops, shop

Skill      XL: |  1  2 |
---------------+-------+-----
Axes           | 3 |  3.5
Armour         | 1 |  1.6
Fighting       | |  3.8
Dodging        | |  2.8

Action                     |  1- 3 |  4- 6 || total
---------------------------+-------+-------++-------
  Melee: Hand axe          |    14 |       ||    14
         Broad axe         |    36 |    12 ||    48
  Throw: Stone             |       |     2 ||     2
 Armour: Robe              |    12 |       ||    12
         Plate armour      |    36 |    16 ||    52
  Dodge: Dodged            |    29 |     4 ||    33
